AoeStats
← ling147

Fortress

510023905Analyzed
4v4 RM · 3d ago on Sep 29, 2026· 60m 23s· 8 players
Game mode
Random Map
Map size
Huge
Population
200
Speed
Normal
Resources
Standard
Victory
Conquest
Starting age
Dark Age
Ending age
Imperial Age
RankedLock teamsTeams togetherTeam positionsShared explorationLock speedFull tech treeHidden civsTurbo modeCheats
Victory
Defeat
🇨🇱 Saxons · Chile
544
+15
🇨🇱 Malay · Chile
525
+15
🇨🇱 Celts · Chile
521
+16
🇨🇱 Vietnamese · Chile
447
+18
🇨🇳 Huns · China
537
-17
🇨🇳 Portuguese · China
537
-17
🇨🇷 Huns · Costa Rica
500
-16
🇺🇸 Persians · United States
465
-14
HENRY_GAMER1221
3:34 Loom
10:21 Feudal Age
11:44 Wheelbarrow
10:52 Horse Collar
11:04 Double-Bit Axe
11:45 Gold Mining
12:36 Town Watch
15:46 Stone Mining
16:32 Forging
16:29 Scale Barding Armor
17:33 Bloodlines
19:59 Castle Age
20:56 Hand Cart
20:57 Bow Saw
22:07 Gold Shaft Mining
22:16 Town Patrol
22:56 Husbandry
23:33 Iron Casting
23:24 Chain Barding Armor
25:36 Heavy Plow
28:37 Caravan
33:33 Imperial Age
33:39 Imperial Age
35:22 Conscription
34:41 Cavalier
36:14 Plate Barding Armor
36:40 Blast Furnace
37:15 Paladin
GroaningCoyote3
0:57 Loom
7:07 Feudal Age
7:56 Double-Bit Axe
9:54 Wheelbarrow
16:06 Castle Age
15:33 Gold Mining
19:36 Town Watch
20:21 Stone Mining
22:36 Husbandry
23:57 Bow Saw
28:14 Imperial Age
26:44 Hand Cart
28:03 Bloodlines
29:32 Cavalier
30:21 Scale Barding Armor
30:28 Forging
33:07 Chain Barding Armor
33:24 Iron Casting
33:33 Citadels
35:18 Gold Shaft Mining
35:51 Man-at-Arms
37:18 Stone Shaft Mining
林北才是接班人
10:25 Feudal Age
11:28 Horse Collar
11:38 Double-Bit Axe
16:41 Castle Age
18:41 Wheelbarrow
19:07 Bow Saw
18:57 Heavy Plow
25:06 Hand Cart
25:04 Gold Mining
25:05 Stone Mining
26:27 Gold Shaft Mining
26:14 Caravan
31:03 Imperial Age
29:33 Marauders
30:03 Forging
29:59 Scale Barding Armor
31:25 Iron Casting
31:11 Chain Barding Armor
32:21 Conscription
32:21 Husbandry
32:33 Bloodlines
31:47 Cavalier
33:58 Two-Man Saw
33:44 Paladin
33:59 Light Cavalry
39:24 Blast Furnace
39:00 Plate Barding Armor
42:52 Chemistry
42:13 Ballistics
47:44 Pikeman
48:24 Squires
50:47 Hussar
51:47 Scale Mail Armor
51:49 Padded Archer Armor
51:39 Fletching
52:03 Halberdier
55:24 Capped Ram
ling147
9:21 Feudal Age
13:01 Wheelbarrow
12:11 Town Watch
13:46 Horse Collar
13:54 Double-Bit Axe
14:07 Gold Mining
14:10 Stone Mining
18:12 Castle Age
19:04 Heavy Plow
19:18 Bow Saw
19:48 Stone Shaft Mining
20:20 Town Patrol
20:50 Padded Archer Armor
20:41 Fletching
22:01 Hand Cart
26:26 Caravan
26:57 Coinage
28:34 Bodkin Arrow
28:54 Leather Archer Armor
28:59 Forging
28:50 Scale Mail Armor
33:46 Imperial Age
34:59 Banking
34:43 Guilds
34:42 Arquebus
35:02 Conscription
36:28 Ballistics
37:08 Chemistry
35:49 Treadmill Crane
36:31 Loom
36:50 Elite Organ Gun
Tulonypetit
1:34 Loom
9:40 Feudal Age
10:11 Wheelbarrow
9:28 Horse Collar
12:44 Double-Bit Axe
17:04 Castle Age
16:59 Hand Cart
21:50 Heavy Plow
22:36 Caravan
29:05 Imperial Age
33:57 Thalassocracy
34:20 Conscription
34:06 Forced Levy
35:12 Arson
35:27 Squires
35:44 Forging
35:40 Scale Barding Armor
35:26 Fletching
35:36 Padded Archer Armor
35:31 Gold Mining
35:31 Stone Mining
37:09 Crop Rotation
37:04 Bow Saw
38:31 Thumb Ring
37:48 Crossbowman
38:48 Elite Karambit Warrior
41:53 Man-at-Arms
42:35 Bodkin Arrow
43:15 Iron Casting
42:56 Leather Archer Armor
44:20 Arbalester
47:16 Husbandry
46:37 Light Cavalry
50:12 Pikeman
50:16 Light Cavalry
50:58 Husbandry
50:40 Cavalier
53:30 Elite Skirmisher
54:52 Bracer
55:22 Ring Archer Armor
55:53 Blast Furnace
56:21 Imperial Skirmisher
59:05 Halberdier
andresreyesm
9:04 Feudal Age
11:30 Arson
11:06 Man-at-Arms
12:57 Double-Bit Axe
15:01 Wheelbarrow
17:35 Castle Age
16:36 Horse Collar
21:39 Stone Mining
21:40 Gold Mining
22:12 Bow Saw
26:45 Imperial Age
24:40 Crossbowman
28:07 Hand Cart
34:06 Forging
33:48 Fletching
34:00 Scale Mail Armor
34:01 Padded Archer Armor
34:53 Fortified Wall
35:04 Ballistics
34:36 Heated Shot
37:36 Two-Man Saw
38:05 Elite Rattan Archer
39:47 Cavalier
40:39 Bloodlines
42:12 Bodkin Arrow
42:33 Leather Archer Armor
42:54 Iron Casting
45:35 Stone Shaft Mining
fegoar90
0:48 Loom
10:08 Feudal Age
12:03 Wheelbarrow
11:43 Horse Collar
12:59 Town Watch
14:51 Double-Bit Axe
15:25 Gold Mining
15:26 Stone Mining
20:48 Castle Age
18:49 Fletching
19:59 Man-at-Arms
21:00 Forging
22:07 Bow Saw
22:03 Heavy Plow
22:09 Bodkin Arrow
23:50 Squires
23:37 Arson
24:40 Treadmill Crane
24:56 Murder Holes
25:23 Ballistics
27:03 Hand Cart
29:27 Gold Shaft Mining
28:26 Clerical Recruitment
33:00 Imperial Age
31:26 Thumb Ring
31:12 Crossbowman
35:01 Chemistry
34:14 Masonry
34:08 Bracer
34:44 Iron Casting
34:52 Padded Archer Armor
35:37 Arbalester
36:31 Gambesons
36:10 Long Swordsman
38:32 Conscription
38:48 Hoardings
38:32 Leather Archer Armor
38:23 Scale Barding Armor
39:08 Two-Handed Swordsman
40:05 Town Patrol
39:50 Shield Wall
40:54 Capped Ram
45:59 Elite Hearth Troop
46:56 Scale Mail Armor
47:27 Ring Archer Armor
47:30 Siege Ram
47:37 Elite Varangian Guard
48:52 Architecture
48:28 Siege Engineers
48:14 Arrowslits
54:29 Two-Man Saw
54:04 Crop Rotation
55:39 Chain Mail Armor
55:45 Chain Barding Armor
59:07 Bloodlines
58:57 Husbandry
Luisda.
8:12 Feudal Age
7:23 Loom
9:38 Wheelbarrow
8:55 Double-Bit Axe
8:59 Horse Collar
9:12 Gold Mining
13:36 Man-at-Arms
14:03 Arson
18:10 Castle Age
16:30 Man-at-Arms
17:00 Arson
19:18 Bow Saw
20:51 Hand Cart
24:05 Stone Mining
24:50 Gold Shaft Mining
28:29 Imperial Age
30:06 Ballistics
31:47 Gold Shaft Mining
34:01 Chemistry
33:19 Heavy Scorpion
36:55 Furor Celtica
42:10 Caravan
Connection lost

Rejoining the realm…

Still unreachable

The connection could not be restored.

Session expired

The server has moved on; the page needs a fresh start.